 Dungeon Sprint DCSS version 0.24-a0-235-g3f03afc (webtiles) character file.

Game seed: 4142158073073337914

207 VLARC the Lightning Rod (level 6, -1/49 HPs)
             Began as a Formicid Hunter on Apr 5, 2019.
             Was a Follower of Qazlal.
             Slain by a draconian (2 damage)
             ... in the Dungeon (Sprint V: "Ziggurat Sprint").
             The game lasted 00:01:49 (170 turns).

VLARC the Lightning Rod (Formicid Hunter)            Turns: 170, Time: 00:01:50

Health: -1/49      AC: 26    Str: 30    XL:     6   Next: 11%
Magic:  13/13      EV:  1    Int: 11    God:    Qazlal [*.....]
Gold:   0          SH: 30    Dex: 11    Spells: 5/5 levels left

rFire    + + .     SeeInvis +   a - +7 great mace "Firestarter" {inner flame, rF++}
rCold    . . .     Gourm    .   I - +18 shield of the Gong {rElec rN+ MR+ EV-5}
rNeg     + . .     Faith    .   H - +15 Maxwell's patent armour {-Cast -Tele rElec MR+ rCorr}
rPois    .         Spirit   .   (helmet unavailable)
rElec    +         Reflect  .   (no cloak)
rCorr    +         Harm     .   (no gloves)
MR       ++...     NoCast   +   (no boots)
Stlth    ..........             (no amulet)
HPRegen  0.16/turn              B - +6 ring of strength
MPRegen  0.13/turn              C - +6 ring of strength

@: no status effects
A: permanent stasis, dig shafts and tunnels, four strong arms, antennae 3
a: Dig, Renounce Religion


You were in the Dungeon.
You worshipped Qazlal.
Qazlal was aware of your devotion.
You were not hungry.

You visited 1 branch

Inventory:

Hand Weapons
 a - the +7 great mace "Firestarter" (weapon) {inner flame, rF++}
   (You found it in the Dungeon)

   It has been specially enchanted to burn those struck by it, causing extra
   injury to most foes and up to half again as much damage against particularly
   susceptible opponents.
   It greatly protects you from fire.
 b - the +9 heavy crossbow "Sniper" {velocity, Acc+∞ SInv}
   (You found it in the Dungeon)

   Any bolt fired from it inflicts extra damage.
   It lets you see invisible.
Missiles
 d - 20 bolts
Armour
 H - the +15 Maxwell's patent armour (worn) {-Cast -Tele rElec MR+ rCorr}
   (You found it in the Dungeon)

   It insulates you from electricity.
   It affects your resistance to hostile enchantments.
   It prevents spellcasting.
   It prevents most forms of teleportation.
   It provides partial protection from all sources of acid and corrosion.
 I - the +18 shield of the Gong (worn) {rElec rN+ MR+ EV-5}
   (You found it in the Dungeon)

   It affects your evasion (-5).
   It insulates you from electricity.
   It protects you from negative energy.
   It affects your resistance to hostile enchantments.
Jewellery
 c - the amulet "Uroddocy" {Harm *Drain rElec rN+ Str+2 Stlth-}
   (You found it in the Dungeon)

   [amulet of harm]

   It increases damage dealt and taken.
   It affects your strength (+2).
   It insulates you from electricity.
   It protects you from negative energy.
   It causes draining when unequipped.
   It makes you less stealthy.
 x - a +6 ring of dexterity
 y - a +6 ring of dexterity
 z - a +6 ring of intelligence
 A - a +6 ring of intelligence
 B - a +6 ring of strength (left hand)
 C - a +6 ring of strength (right hand)
Wands
 D - a wand of disintegration (7)
 E - a wand of iceblast (7)
 F - a wand of acid (7)
Scrolls
 k - 4 scrolls of blinking
 r - 4 scrolls of amnesia
 s - 7 scrolls of fog
 t - a scroll of holy word
 u - 5 scrolls of identify
 v - 5 scrolls of remove curse
 w - 2 scrolls of fear
Potions
 e - 10 potions of curing
 g - 10 potions of heal wounds
 h - 6 potions of haste
 i - 7 potions of magic
 j - 3 potions of berserk rage
 l - 2 potions of brilliance
 m - 2 potions of invisibility
 n - 4 potions of resistance
 p - 5 potions of agility
 q - 5 potions of might
Comestibles
 f - 7 rations


   Skills:
 + Level 4.7 Fighting
 + Level 3.6 Maces & Flails
 + Level 5.7 Crossbows
 + Level 4.1 Armour
 - Level 1.7 Dodging
 - Level 1.2 Stealth
 + Level 4.6 Shields
 + Level 9.9 Invocations


You had 5 spell levels left.
You didn't know any spells.
Your spell library was empty.

Dungeon Overview and Level Annotations

Branches:
Dungeon (1/1)

Altars:
Ashenzari
Cheibriados
Dithmenos
Elyvilon
Fedhas
Gozag
Hepliaklqana
Kikubaaqudgha
Makhleb
Nemelex Xobeh
Okawaru
Qazlal
Ru
Sif Muna
Trog
Uskayaw
Vehumet
Wu Jian
Xom
Yredelemnul
Zin
The Shining One
Beogh
Jiyva
Lugonu

Annotations:
D 1 transporter


Innate Abilities, Weirdness & Mutations

You cannot be hasted, slowed, berserked, paralysed or teleported.
You can dig through walls and to a lower floor.
Your four strong arms can wield two-handed weapons with a shield.
You have a pair of large antennae on your head. (SInv)


Message History

The death cob is lightly damaged.
You block the death cob's attack.
GONNNNG!
The death cob hits you but does no damage.
You block the death cob's attack.
PTOANNNG!
You block the draconian's attack.
BONNNG!
The white draconian hits you with a +0 morningstar!
* * * LOW HITPOINT WARNING * * *
The death cob hits you but does no damage.
Unknown command.
Unknown command.
You closely miss the death cob.
The death cob is lightly damaged.
The death cob's inner flame fades away.
You block the death cob's attack.
PANG!
The death cob hits you but does no damage.
The draconian hits you.
You die...

▓▓▓▓▓▓▓▓▓▓▓▓▓▓▓▓▓▓▓
▓.8©8.▓.8©8.▓.8©8.▓
{
▓.):".▓.:)..▓.....▓
{
▓..)..▓.%...▓.}.:.▓
▓.....▓.....▓.....▓
▓.....▓...†.▓.....▓
▓dzd..▓%....▓..©..▓
▓.@d..▓..©..▓▓▓▓▓▓▓
▓▓▓▓▓▓▓▓▓▓▓▓▓ {{{
{{{ { { {


You could see 2 draconians, a death cob and a draconian.

Vanquished Creatures
  3 scorpions (D)
  2 jellies (D)
5 creatures vanquished.

Notes
Turn   | Place    | Note
-------+----------+-------------------------------------------
     0 | D        | Found the +6 Majin-Bo {vamp, Archmagi MP+6 Int+6}
     0 | D        | Found the +7 great mace "Firestarter" {inner flame, rF++}
     0 | D        | VLARC the Formicid Hunter began the quest for the Orb.
     0 | D        | Reached XP level 1. HP: 16/16 MP: 1/1
     0 | D        | Found a deep blue altar of Sif Muna.
     0 | D        | Found a sacrificial altar of Ru.
     0 | D        | Found a bloodstained altar of Trog.
     0 | D        | Found a stormy altar of Qazlal.
     0 | D        | Found an iron altar of Okawaru.
     0 | D        | Found a sparkling altar of Nemelex Xobeh.
     0 | D        | Found a blossoming altar of Fedhas.
     2 | D        | Found a transporter.
     2 | D        | Found an ancient bone altar of Kikubaaqudgha.
     2 | D        | Found a viscous altar of Jiyva.
     2 | D        | Found a corrupted altar of Lugonu.
     2 | D        | Found a hazy altar of Hepliaklqana.
     2 | D        | Found a burning altar of Makhleb.
     2 | D        | Found an opulent altar of Gozag.
    23 | D        | Found the +9 heavy crossbow "Sniper" {velocity, Acc+∞ SInv}
    23 | D        | Found the +10 dark maul {crush}
    23 | D        | Found the +15 Maxwell's patent armour {-Cast -Tele rElec
                  | MR+ rCorr}
    23 | D        | Found the +18 shield of the Gong {rElec rN+ MR+ EV-5}
    23 | D        | Found the cursed +14 obsidian axe {chop, +Fly SInv *Curse}
    25 | D        | Found the +6 shillelagh "Devastator" {shatter}
    25 | D        | Found the +11 plutonium sword {*Contam Stlth-}
    25 | D        | Found the +8 lance "Wyrmbane" {slay drac, rPois rF+ rC+
                  | AC+3}
    25 | D        | Found the +9 sword of Zonguldrok {reap}
    25 | D        | Found the cursed +13 scythe of Curses {drain, *Curse}
    25 | D        | Found the +0 sword of Power
    25 | D        | Found the +7 mace of Variability {chain chaos}
    25 | D        | Found the +7 Singing Sword {slice, sonic wave}
    25 | D        | Found the +7 longbow "Piercer" {penet, EV-2}
    59 | D        | Became a worshipper of Qazlal Stormbringer
    68 | D        | Reached skill level 8 in Invocations
    68 | D        | Reached XP level 2. HP: 22/22 MP: 1/7
    70 | D        | Entered arena 2.
    70 | D        | Found a transporter.
    72 | D        | Reached skill level 1 in Maces & Flails
    72 | D        | Reached skill level 1 in Armour
    72 | D        | Reached skill level 1 in Shields
    72 | D        | Reached skill level 9 in Invocations
    72 | D        | Reached XP level 3. HP: 28/28 MP: 1/9
    75 | D        | Reached XP level 4. HP: 35/35 MP: 1/10
   143 | D        | Entered arena 3.
   143 | D        | Found a transporter.
   148 | D        | Reached * piety under Qazlal
   148 | D        | Reached skill level 5 in Crossbows
   148 | D        | Reached XP level 5. HP: 42/42 MP: 12/12
   152 | D        | Reached XP level 6. HP: 40/49 MP: 13/13
   163 | D        | Got the amulet "Uroddocy" {Harm *Drain rElec rN+ Str+2
                  | Stlth-}
   165 | D        | Entered arena 4.
   165 | D        | Noticed a white draconian
   165 | D        | Noticed a draconian
   165 | D        | Noticed a death cob
   165 | D        | Noticed a white draconian
   165 | D        | Found a transporter.
   169 | D        | HP: 1/49 [white draconian/+0 morningstar (13)]
   170 | D        | Slain by a draconian

Levels and vault maps discovered:
D:        sprint_v [room_start, room_1, room_2, room_3, room_4, room_5, room_6,
          room_7, room_8, room_9, room_10, room_11, room_12, room_13, room_14,
          room_15, room_16, room_17, room_18, room_19, room_20, room_21,
          room_22, room_23, room_24, room_25, room_26, room_27]

Skill      XL: |  1  2  3  4  5 |
---------------+----------------+-----
Invocations    | 8 9 |  9.9
Maces & Flails | 1 2 3 |  3.6
Armour         | 1 2 3 4 |  4.1
Shields        | 1 2 3 4 |  4.6
Fighting       | 3 4 |  4.7
Crossbows      | 5 |  5.7
Dodging        | |  1.7
Stealth        | |  1.2

Action                   |  1- 3 |  4- 6 || total
-------------------------+-------+-------++-------
Melee: Great mace        |     4 |    10 ||    14
  Use: Potion            |     1 |       ||     1
Armor: Plate armour      |       |    10 ||    10
Dodge: Dodged            |       |     1 ||     1
Block: Shield            |     6 |    29 ||    35

Table legend:
 A = Non-vault XP
 B = Vault XP
 C = Vault XP percentage of total XP
 D = Non-vault monster count
 E = Vault monster count
 F = Vault count percentage of total count
                 A         B        C        D         E       F
            +---------+---------+-------+---------+---------+-------
      Total |       0 |     288 | 100.0 |       0 |       5 | 100.0
            +---------+---------+-------+---------+---------+-------
          D |       0 |     288 | 100.0 |       0 |       5 | 100.0
            +---------+---------+-------+---------+---------+-------
